 Dungeon Crawl Stone Soup version 0.31-a0-564-g3b7de120b3 (webtiles) character file.

Game seed: 15119446528862740184

6312 freelancePsychic the Trooper (level 10, -1/80 HPs)
             Began as a Demonspawn Shapeshifter on Aug 17, 2023.
             Was a Believer of Wu Jian.
             Slain by a vampire mosquito (8 damage)
             ... on level 10 of the Dungeon.
             The game lasted 00:21:19 (10000 turns).

freelancePsychic the Trooper (DsSh)                Turns: 10000, Time: 00:21:19

Health: -1/80      AC:  6    Str: 17    XL:     10   Next: 64%
Magic:  16/16      EV: 12    Int: 12    God:    Wu Jian [**....]
Gold:   536        SH:  0    Dex: 14    Spells: 12/17 levels left

rFire   . .          .
                       - Unarmed
rCold   . . .        (shield currently unavailable)
rNeg    . . .        a - +0 steam dragon scales
rPois   .            (helmet unavailable)
rElec   .            o - +0 cloak
rCorr   .            (no gloves)
SInv    +            (no boots)
Will    .....        n - amulet of the acrobat
Stlth   +            f - ring of flight
HPRegen 0.33/turn    t - ring of see invisible
MPRegen 0.15/turn

%: acrobat
@: flux-form, flying, glowing
A: glow, contaminating, horns 3, powered by death 1, demonic magic 1
a: Begin Untransformation, Renounce Religion, Wall Jump


You were on level 10 of the Dungeon.
You worshipped Wu Jian.
Wu Jian was pleased with you.
You were something dangerously unstable.
You visited 1 branch of the dungeon, and saw 10 of its levels.

You collected 666 gold pieces.
You spent 130 gold pieces at shops.

Inventory:

Missiles
 g - 19 poisoned darts
Armour
 a - +0 steam dragon scales (worn)
 o - a +0 cloak (worn)
 D - the +1 ring mail of Ceete {rElec rPois}
   (You found it on level 5 of the Dungeon)

   rElec:     It insulates you from electricity.
   rPois:     It protects you from poison
Jewellery
 f - a ring of flight (left hand)
 n - an amulet of the acrobat (around neck)
 t - a ring of see invisible (right hand)
 y - an amulet of magic regeneration
 z - a ring of fire
Talismans
 c - a beast talisman
 d - a flux talisman (active)
Wands
 B - a wand of flame (14)
 E - a wand of polymorph (10)
Scrolls
 e - 14 scrolls of identify {unknown}
 i - 2 scrolls of enchant armour {unknown}
 j - a scroll of fog {unknown}
 l - 2 scrolls of enchant weapon
 m - a scroll of poison
 q - a scroll of revelation {unknown}
 s - 6 scrolls of teleportation {unknown}
 v - a scroll of torment {unknown}
 x - a scroll of immolation
 H - a scroll of brand weapon {unknown}
Potions
 h - 3 potions of haste {@q3}
 k - 2 potions of attraction {unknown}
 p - 2 potions of invisibility
 r - a potion of might {unknown}
 u - 2 potions of cancellation {unknown}
 w - 4 potions of mutation
 A - 4 potions of curing {unknown}
 C - 2 potions of enlightenment {unknown}
 F - 2 potions of brilliance {unknown}
 G - 2 potions of lignification


   Skills:
 + Level 7.8 Fighting
 - Level 1.7 Dodging
 + Level 7.2 Unarmed Combat
 - Level 4.0 Spellcasting
 + Level 5.0 Conjurations
 + Level 0.6 Transmutations
 - Level 4.5 Air Magic
 - Level 4.9 Poison Magic
 - Level 6.0 Shapeshifting


You had 12 spell levels left.
You knew the following spells:

 Your Spells              Type           Power      Damage    Failure   Level
a - Poisonous Vapours     Pois/Air       26%        N/A       4%          2
b - Mephitic Cloud        Conj/Pois/Air  14%        N/A       9%          3

Your spell library contained the following spells:

 Spells                   Type           Power      Damage    Failure   Level
 Wereblood                Tmut           4%         N/A       26%         2
 Gell's Gravitas          Tloc           2%         N/A       54%         3
 Teleport Other           Tloc           2%         N/A       54%         3
 Freezing Cloud           Conj/Ice/Air   5%         6-21      86%         5
 Irradiate                Conj/Tmut      4%         3d13      88%         5
 Animate Dead             Necr           2%         N/A       91%         4
 Dispel Undead            Necr           2%         3d7       91%         4
 Dispersal                Tloc           1%         N/A       100%        6
 Plasma Beam              Fire/Air       3%         2x1d13    100%        6


Dungeon Overview and Level Annotations

Branches:
Dungeon (10/15)            Temple (0/1) D:5
   Lair: D:8-11         Orc: D:9-12

Altars:
Dithmenos
Fedhas
Hepliaklqana
Ru
Vehumet
Wu Jian
Xom
Yredelemnul

Shops:
D:3 =   D:4 !   D:8 *:

Annotations:
D:2 Sigmund
D:7 2 transporters, baller8008's ghost, novice MiFi
D:8 exclusion: statue
D:9 4 transporters


Innate Abilities, Weirdness & Mutations

You are something dangerously unstable.
You glow with magical radiation, making you easy to see and hit.
Foes you strike become dangerously contaminated with magical radiation.
You are incapable of wielding weapons or throwing items.
You have a pair of large horns on your head.
You regenerate a little health from kills.
Spells you cast may paralyse adjacent enemies.


Message History

* * * LOW HITPOINT WARNING * * *
The vampire mosquito draws strength from your injuries!
The vampire mosquito closely misses you.
Okay, then.
Okay, then.
Okay, then.
You closely miss the vampire mosquito.
The vampire mosquito is lightly damaged.
The vampire mosquito bites you.
* * * LOW HITPOINT WARNING * * *
The vampire mosquito draws strength from your injuries!
The vampire mosquito bites you but does no damage.
The vampire mosquito completely misses you.
You punch the vampire mosquito!
The vampire mosquito shudders as magic cascades through it!!
You destroy the vampire mosquito!
The Council accepts your kill. The vampire mosquito bites you.
* * * LOW HITPOINT WARNING * * *
The vampire mosquito draws strength from your injuries!
Your Conjurations skill increases to level 5!
You hit the vampire mosquito.
The vampire mosquito shudders as magic cascades through it!
You headbutt the vampire mosquito.
The vampire mosquito is heavily damaged.
The vampire mosquito barely misses you. The vampire mosquito bites you.
* * * LOW HITPOINT WARNING * * *
The vampire mosquito draws strength from your injuries!
Aiming: Wall Jump
Press: ? - help, Dir - move target You repeatedly attack the vampire mosquito from above.
You hit the vampire mosquito.
The vampire mosquito begins to glow.
You headbutt the vampire mosquito.
The vampire mosquito is almost destroyed.
You barely miss the vampire mosquito.
The vampire mosquito is almost destroyed.
The vampire mosquito bites you but does no damage.
The vampire mosquito closely misses you.
The vampire mosquito bites you!
You die...

#))....(..#
#<........#
#.[.......#
#.........# #
#.........# #.
#.........# ...
#.........#
....#...○°°...#
#.......○B○...##
#.......○○y....#..#
#.........†.......#
#......#########..#
#...... ..# #....$.
.# #...... #
#...... #.yy...


You could see a vampire mosquito (contam).

Vanquished Creatures
  Gastronok (D:9)
  Erica (D:9)
  A hornet (D:9)
  Grinder (D:5)
  A wyvern (D:8)
  2 steam dragons
  A vampire mosquito (D:10)
  3 sky beasts
  3 ice beasts
  An orc warrior (D:10)
  A centaur (D:9)
  An ogre (D:5)
  2 phantoms (D:5)
  2 kobold brigands (D:8)
  5 bullfrogs
  A gnoll sergeant (D:7)
  2 scorpions (D:6)
  21 wights
  6 killer bees (D:7)
  A howler monkey (D:4)
  2 gnoll boudas
  4 hounds
  2 jellies
  3 orc priests
  2 iguanas
  A sleepcap (D:7)
  Jessica (D:3)
  5 orc wizards
  12 gnolls
  4 adders
  A worm (D:2)
  20 orcs
  9 ball pythons
  An endoplasm (D:3)
  3 giant cockroaches
  6 goblins
  8 hobgoblins
  8 jackals
  4 quokkas
  3 bats (D:1)
  4 frilled lizards
  13 kobolds
  9 rats
182 creatures vanquished.

Notes
Turn   | Place    | Note
-------+----------+-------------------------------------------
     0 | D:1      | freelancePsychic the Demonspawn Shapeshifter began the
                  | quest for the Orb.
     0 | D:1      | Reached XP level 1. HP: 15/15 MP: 1/1
   170 | D:1      | Gained mutation: You have a pair of small horns on your
                  | head. [demonic ancestry]
   170 | D:1      | Reached XP level 2. HP: 21/21 MP: 2/2
   919 | D:2      | Noticed Sigmund
   975 | D:2      | Reached XP level 3. HP: 14/26 MP: 3/3
  1225 | D:2      | Found a shimmering altar of Xom.
  1340 | D:3      | Found a faded altar of an unknown god.
  1624 | D:3      | Noticed Jessica
  1642 | D:3      | Killed Jessica
  1643 | D:3      | Gained mutation: Spells you cast may paralyse adjacent
                  | enemies. [demonic ancestry]
  1643 | D:3      | Reached XP level 4. HP: 21/33 MP: 4/4
  1807 | D:3      | Found Ciedouje's One-of-a-Kind Rings.
  1994 | D:3      | Found a shimmering altar of Xom.
  2196 | D:4      | Reached XP level 5. HP: 22/39 MP: 5/5
  2889 | D:4      | Found Ygaduoc's Distillery.
  2985 | D:4      | Bought a potion of heal wounds for 50 gold pieces
  2985 | D:4      | Bought a potion of mutation for 80 gold pieces
  3055 | D:4      | Found an ornate altar of the Wu Jian Council.
  3093 | D:4      | Became a worshipper of the Wu Jian Council
  3123 | D:5      | Entered Level 5 of the Dungeon
  3124 | D:5      | Noticed an ogre
  3239 | D:5      | Reached skill level 5 in Shapeshifting
  3239 | D:5      | Gained mutation: You have a pair of horns on your head.
                  | [demonic ancestry]
  3239 | D:5      | Reached XP level 6. HP: 42/47 MP: 6/6
  3615 | D:5      | Found a staircase to the Ecumenical Temple.
  3642 | D:5      | Noticed Grinder
  3901 | D:5      | Paralysed by Grinder for 4 turns
  3911 | D:5      | Killed Grinder
  3912 | D:5      | Reached XP level 7. HP: 43/52 MP: 7/7
  4235 | D:6      | Reached skill level 1 in Spellcasting
  4464 | D:6      | Reached XP level 8. HP: 51/60 MP: 9/11
  4502 | D:6      | Found a basalt altar of Yredelemnul.
  4954 | D:6      | Reached skill level 5 in Fighting
  5126 | D:6      | Reached skill level 5 in Unarmed Combat
  5128 | D:6      | Reached * piety under Wu Jian
  5194 | D:6      | Found a blossoming altar of Fedhas.
  5813 | D:5      | Reached skill level 1 in Conjurations
  5813 | D:5      | Reached skill level 1 in Air Magic
  5813 | D:5      | Reached skill level 1 in Poison Magic
  5963 | D:5      | Identified the +1 ring mail of Ceete {rElec rPois}
  6000 | D:5      | Gained mutation: You regenerate a little health from kills.
                  | [demonic ancestry]
  6000 | D:5      | Reached XP level 9. HP: 64/66 MP: 15/15
  6228 | D:5      | Found a hazy altar of Hepliaklqana.
  6541 | D:7      | Found a transporter.
  6546 | D:7      | Found a transporter.
  6547 | D:7      | Noticed baller8008's ghost (novice MiFi)
  7255 | D:8      | Reached ** piety under Wu Jian
  7612 | D:8      | Got the Tome of Voltage and Abhorrent Mysteries
  7792 | D:8      | Identified the +4 chain mail "Amanlab" {Contam rN+ Will+
                  | Str+2}
  8015 | D:8      | Found Irrin's Book Shop.
  8026 | D:8      | Learned a level 2 spell: Poisonous Vapours
  8030 | D:8      | Learned a level 3 spell: Mephitic Cloud
  8164 | D:8      | Found a shadowy altar of Dithmenos.
  8581 | D:8      | Found Ruluh's Mass Market.
  8639 | D:8      | Gained mutation: You have a pair of large horns on your
                  | head. [demonic ancestry]
  8639 | D:8      | Reached XP level 10. HP: 60/77 MP: 16/16
  8784 | D:8      | Found a radiant altar of Vehumet.
  8825 | D:9      | Noticed Gastronok
  9060 | D:9      | Found a sacrificial altar of Ru.
  9071 | D:9      | Killed Gastronok
  9434 | D:9      | Paralysed by a hornet for 1 turns
  9483 | D:9      | Found a transporter.
  9484 | D:9      | Found a transporter.
  9494 | D:9      | Found a transporter.
  9586 | D:9      | Noticed Erica
  9593 | D:9      | Killed Erica
  9648 | D:9      | Found a transporter.
  9939 | D:10     | Entered Level 10 of the Dungeon
  9999 | D:10     | Reached skill level 5 in Conjurations
 10000 | D:10     | Slain by a vampire mosquito

Illustrated notes

Levels and vault maps discovered:
D:1:      mrwooster_arrival_statue, layout_basic, minmay_pentomino_v2
D:2:      layout_rooms, basic_altar, minivault_11, uniq_sigmund
D:3:      layout_loops_ring, mainiacjoe_overflow_paths,
          nicolae_ecumenical_pavilion, nicolae_shop_unique_rings,
          dreamdust_mushroom_princess, uniq_jessica
D:4:      layout_gridville, zin_statuary, lemuel_round_altar, serial_shops,
          shop_statue, minmay_misc_feat_cross
D:5:      layout_cave_pools, nicolae_overflow_two_pavilions,
          minmay_temple_entry_statues_fountains, uniq_grinder
D:6:      layout_loops_corners, kennysheep_mini_moat,
          mainiacjoe_overflow_brackets, minmay_tree_intersection
D:7:      layout_cave_pools, gammafunk_ghost_hive, serial_gnoll_camp,
          gnoll_camp_mini_hut, gnoll_camp_mini_basic, gnoll_camp_mini_hut,
          gnoll_camp_mini_hut, minivault_24, nicolae_fountain_basement
D:8:      layout_basic, vehumet_statue, nicolae_dithmenos_shadow_blocks,
          serial_shops, nicolae_shop_tiny_real_fake_doors, minmay_shop_mass
D:9:      layout_loops_cross, old_standard_altar, palyth_stone_intersect,
          nicolae_diode_quadrants, uniq_gastronok, uniq_erica
D:10:     minmay_bubble_buster, layout_long_grid, lemuel_tele_altar,
          lemuel_coloured_pillars_altar, grunt_gozag_statues,
          lemuel_zombie_altar_kikubaaqudgha, nicolae_qazlal_general_emergency

Skill      XL: |  1  2  3  4  5  6  7  8  9 10 |
---------------+-------------------------------+-----
Shapeshifting  | 3 4 5 6 |  6.0
Unarmed Combat | 3 4 5 6 7 |  7.2
Fighting       | 2 3 4 5 7 |  7.8
Spellcasting   | 2 4 |  4.0
Conjurations   | 1 3 5 |  5.0
Air Magic      | 1 3 4 |  4.5
Poison Magic   | 1 3 4 |  4.9
Dodging        | |  1.7
Transmutations | |  0.6

Action                     |  1- 3 |  4- 6 |  7- 9 | 10-12 || total
---------------------------+-------+-------+-------+-------++-------
  Melee: Unarmed           |   122 |   138 |   341 |    70 ||   671
         Punch             |     2 |       |       |       ||     2
         Headbutt          |    17 |    37 |    87 |    17 ||   158
   Cast: Mephitic Cloud    |       |       |     1 |     1 ||     2
         Poisonous Vapours |       |       |       |     9 ||     9
Ability: Lunge             |       |     4 |    33 |     2 ||    39
         Whirlwind         |       |       |    85 |    26 ||   111
         Wall Jump         |       |       |       |     1 ||     1
  Evoke: Wand              |       |       |     8 |     4 ||    12
    Use: Potion            |     1 |     1 |     1 |     1 ||     4
         Scroll            |     1 |       |     4 |     1 ||     6
   Stab: Sleeping          |     1 |       |       |       ||     1
         Paralysed         |       |       |       |     1 ||     1
 Armour: Animal skin       |    22 |    24 |    16 |       ||    62
         Skin              |     8 |       |       |       ||     8
         Ring mail         |       |       |    50 |     9 ||    59
         Steam dragon scal |       |       |       |    14 ||    14
  Dodge: Dodged            |    69 |    79 |   160 |    34 ||   342
   Form: Flux              |     1 |       |       |       ||     1

Table legend: (Time is in decaauts)
 A = Elapsed time spent in this place.
 B = Non-inter-level travel time spent in this place.
 C = Inter-level travel time spent in this place.
 D = Time resting spent in this place.
 E = Time spent auto-exploring this place.
 F = Levels seen in this place.
 G = Mean time per level.
                   A        B        C        D        E       F      G
               +--------+--------+--------+--------+--------+-----+--------+
         Total |   9961 |   9511 |    450 |    412 |   7477 |  10 |  996.1 |
       Dungeon |   9961 |   9511 |    450 |    412 |   7477 |  10 |  996.1 |
               +--------+--------+--------+--------+--------+-----+--------+

Top non-repeatable levels by time:
     D:8: 1704 daAuts
     D:6: 1580 daAuts
     D:4: 1376 daAuts
     D:5: 1150 daAuts
     D:9: 983 daAuts
     D:1: 965 daAuts
     D:7: 888 daAuts
     D:3: 884 daAuts
     D:2: 370 daAuts
    D:10: 57 daAuts
